Map: [ESL] Inside and Out

Players

LiquidClem (Clem)

  • Race: Terran Terran
  • League: Master
  • Spawn Location: 7:00

Serral - Winner!

  • Race: Zerg Zerg
  • League: Grandmaster
  • Spawn Location: 1:00

Event: TSL 9

VOD

Have the link to the VOD?

Description

Time

  • Played on: Aug. 5, 2022, 6:24 a.m.
  • Length: 15:14

All games in this series

Show
View Real Time Build Order
Export as new Build Order

LiquidClem Terran 

Build Orders: Hellion Opening 

Get SALT Encoding   

  12  0:00  SCV  
  13  0:12  SCV  
  14  0:17  Supply Depot  
  14  0:24  SCV  
  15  0:38  SCV  
  15  0:41  Barracks  
  15  0:42  Refinery  
  16  0:50  SCV  
  17  1:02  SCV  
  18  1:15  SCV  
  19  1:28  Orbital Command  
  19  1:29  Barracks Reactor  
  19  1:38  Command Center  
  19  1:45  Supply Depot  
  19  1:53  SCV  
  20  2:06  Factory, Marine x2  
  22  2:09  SCV  
  22  2:13  Refinery  
  23  2:21  SCV  
  24  2:24  Marine x2  
  26  2:33  SCV  
  27  2:42  Marine x2  
  29  2:45  SCV  
  29  2:50  Orbital Command  
  30  2:51  Starport  
  30  2:59  SCV  
  30  3:05  Hellion x2  
  35  3:09  Marine  
  35  3:11  SCV  
  37  3:15  Supply Depot  
  37  3:16  SCV  
  38  3:26  Hellion x2  
  42  3:29  Medivac  
  44  3:35  Armory  
  44  3:38  Marine  
  44  3:39  SCV  
  46  3:42  SCV  
  46  3:46  Supply Depot  
  47  3:50  Hellion x2  
  47  3:55  Supply Depot  
  50  3:56  SCV  
  50  3:58  SCV  
  52  4:08  SCV  
  53  4:10  SCV  
  53  4:16  Liberator  
  59  4:17  Hellion  
  59  4:19  Supply Depot  
  59  4:20  Hellion  
  59  4:21  SCV  
  62  4:31  SCV  
  62  4:33  SCV  
  61  4:41  Hellion x2  
  61  4:42  Supply Depot  
  61  4:43  SCV  
  61  4:45  SCV  
  64  4:50  Marine  
  61  4:55  SCV  
  61  4:57  SCV  
  50  5:04  Command Center  
  48  5:07  SCV  
  48  5:09  SCV, Barracks Tech Lab  
  50  5:15  Starport Reactor  
  50  5:17  Factory Reactor  
  50  5:18  Barracks  
  50  5:19  SCV  
  51  5:21  SCV  
  51  5:23  Barracks  
  51  5:27  Stimpack  
  51  5:28  Marine  
  53  5:31  SCV  
  53  5:33  SCV  
  53  5:34  Engineering Bay  
  55  5:43  SCV  
  55  5:44  Supply Depot  
  55  5:45  Engineering Bay, SCV, Marine  
  58  5:53  Refinery x2  
  58  5:56  SCV  
  59  5:57  SCV  
  59  6:00  Factory Reactor  
  59  6:01  Terran Infantry Weapons Level 1  
  59  6:03  Marine  
  61  6:08  SCV  
  61  6:11  Terran Infantry Armor Level 1, Marine x2  
  62  6:12  Marine x2  
  62  6:15  SCV  
  67  6:20  SCV  
  67  6:21  Marine  
  67  6:22  Medivac x2  
  73  6:27  SCV  
  73  6:29  Marine x2  
  73  6:30  Marine  
  73  6:31  Marine  
  73  6:32  SCV  
  79  6:35  Barracks  
  79  6:36  Barracks  
  79  6:39  Hellion x2  
  83  6:43  Marine  
  83  6:45  SCV  
  83  6:46  Supply Depot  
  85  6:47  SCV, Marine  
  85  6:51  Marine  
  85  6:52  Marine  
  85  6:53  Marine  
  90  6:58  SCV  
  90  6:59  SCV  
  90  7:01  Hellion x2  
  96  7:05  Orbital Command  
  96  7:10  SCV  
  96  7:11  SCV, Medivac  
  96  7:13  Medivac  
  102  7:18  Combat Shield  
  102  7:19  Supply Depot  
  102  7:22  SCV  
  103  7:23  SCV  
  103  7:25  Marine x2  
  103  7:26  Barracks Reactor x2  
  106  7:31  SCV  
  106  7:34  SCV  
  106  7:35  SCV  
  106  7:36  Refinery, Factory  
  106  7:39  Widow Mine x2  
  106  7:40  Marine  
  106  7:43  SCV  
  108  7:46  SCV  
  108  7:47  SCV  
  108  7:48  Marine x2  
  108  7:50  Marine x2  
  105  7:51  Medivac  
  105  7:52  Medivac  
  105  7:55  SCV  
  105  7:58  Marine  
  110  8:05  Marine x3  
  110  8:06  Marine x2  
  110  8:07  Supply Depot, Sensor Tower  
  110  8:08  Terran Infantry Weapons Level 2  
  110  8:11  Terran Infantry Armor Level 2  
  115  8:15  Marine  
  115  8:17  Marine  
  117  8:24  Factory Tech Lab, Marine  
  117  8:29  Marine x6  
  117  8:33  Marine  
  124  8:34  Sensor Tower  
  124  8:36  Marine  
  124  8:37  Supply Depot  
  124  8:38  Supply Depot  
  124  8:39  Widow Mine x2  
  128  8:42  Marine  
  128  8:44  Drilling Claws  
  128  8:45  Medivac, Widow Mine  
  133  8:53  Marine  
  133  8:54  Marine x2  
  133  8:59  Marine x6  
  139  9:05  Command Center  
  139  9:09  Widow Mine  
  141  9:10  Supply Depot  
  141  9:11  Medivac, Marine x2  
  141  9:14  Widow Mine x2  
  149  9:25  Marine x2  
  149  9:26  Supply Depot  
  149  9:31  Medivac, Marine x5  
  149  9:32  Marine  
  149  9:35  Marine  
  157  9:38  Widow Mine  
  157  9:39  Widow Mine  
  157  9:41  Medivac  
  157  9:42  Widow Mine  
  157  9:43  Marine x2  
  156  9:49  Marine x5  
  156  9:51  Supply Depot, Barracks, Marine  
  156  9:52  Barracks x2  
  162  9:53  Marine  
  161  10:01  Medivac, Marine x2  
  161  10:07  Marine x3  
  164  10:10  Widow Mine x2  
  164  10:12  Medivac  
  167  10:16  Marine x2  
  167  10:17  Widow Mine, Marine x2  
  161  10:21  Marine x2  
  161  10:24  Marine  
  161  10:25  Terran Vehicle And Ship Armor Level 1  
  161  10:27  Marine  
  163  10:31  Medivac, Widow Mine x2  
  163  10:32  Ghost Academy  
  166  10:37  Marine  
  166  10:38  Widow Mine  
  166  10:41  Ghost Academy  
  166  10:42  Planetary Fortress  
  169  10:43  Barracks Tech Lab x2  
  169  10:46  Marine x2  
  169  10:47  Marine  
  172  10:50  Supply Depot, SCV  
  172  10:53  Widow Mine  
  172  10:54  Liberator  
  178  11:00  Barracks Tech Lab  
  180  11:04  Marauder x2  
  180  11:07  Widow Mine  
  180  11:09  Marine  
  180  11:10  Marauder  
  156  11:12  Widow Mine  
  156  11:13  Medivac  
  154  11:18  Ghost  
  154  11:24  Ghost  
  154  11:25  Terran Infantry Weapons Level 3  
  154  11:30  Terran Infantry Armor Level 3  
  154  11:34  Widow Mine x2  
  158  11:40  Ghost  
  158  11:43  Widow Mine  
  162  11:54  Refinery  
  162  11:55  Command Center, Widow Mine x2  
  162  11:59  Ghost  
  162  12:00  Sensor Tower  
  162  12:01  SCV x2  
  170  12:02  SCV  
  170  12:05  SCV  
  170  12:06  Refinery  
  170  12:07  Refinery  
  172  12:09  Ghost  
  174  12:16  Missile Turret  
  174  12:19  Ghost  
  174  12:21  SCV x3  
  179  12:24  Concussive Shells  
  179  12:28  Missile Turret  
  179  12:30  Ghost  
  179  12:32  Marine x2  
  179  12:35  Widow Mine x3  
  189  12:37  SCV  
  189  12:38  SCV x2  
  192  12:48  Liberator  
  188  12:56  Medivac  
  188  12:57  Widow Mine  
  176  13:01  Command Center  
  176  13:02  Command Center, Widow Mine  
  178  13:09  Marine  
  178  13:10  Widow Mine  
  181  13:23  Widow Mine  
  181  13:26  Medivac  
  181  13:27  Widow Mine, Marine x3, Ghost  
  169  13:31  Medivac  
  160  13:36  Marine x2  
  160  13:39  Ghost x2  
  160  13:40  Marine x3  
  160  13:41  Marine  
  152  13:44  Marine  
  152  13:45  Marine  
  152  13:47  SCV  
  152  13:48  SCV  
  150  13:56  Medivac, Marine  
  150  13:57  Marine x2  
  150  13:58  Widow Mine  
  150  13:59  Marine x2  
  150  14:01  SCV, Medivac  
  150  14:02  SCV  
  155  14:04  SCV  
  156  14:12  Ghost  
  156  14:13  SCV  
  156  14:14  SCV, Ghost  
  162  14:20  Ghost  
  164  14:28  Marauder  
  164  14:29  Widow Mine  
  166  14:39  SCV  
  166  14:45  Widow Mine  
  154  14:46  Marine  
  154  14:49  Widow Mine  
  146  14:53  Marine x4  
Show
View Real Time Build Order
Export as new Build Order

Serral Zerg - Winner!

Build Orders: Hatch First 

Get SALT Encoding   

  12  0:00  Drone  
  13  0:12  Overlord  
  13  0:16  Drone  
  14  0:30  Drone  
  14  0:31  Drone  
  16  0:48  Hatchery  
  15  0:51  Drone  
  15  0:54  Drone  
  17  0:58  Drone  
  18  1:08  Extractor  
  17  1:13  Spawning Pool  
  17  1:16  Drone  
  17  1:20  Drone  
  18  1:27  Drone  
  19  1:38  Drone  
  20  1:49  Drone  
  21  1:59  Queen x2  
  21  2:00  Zergling x4  
  27  2:11  Drone, Overlord  
  27  2:12  Metabolic Boost  
  28  2:27  Hatchery  
  27  2:30  Drone  
  27  2:32  Drone  
  27  2:35  Drone  
  30  2:37  Drone  
  30  2:44  Queen  
  31  2:49  Overlord  
  33  2:53  Drone x2  
  33  2:55  Drone  
  36  3:07  Overlord  
  36  3:10  Drone x4  
  40  3:14  Queen  
  40  3:16  Drone  
  43  3:24  Queen  
  43  3:25  Drone  
  43  3:26  Drone  
  47  3:27  Drone  
  48  3:38  Drone  
  48  3:41  Queen, Overlord  
  49  3:43  Zergling x4  
  49  3:44  Drone  
  49  3:48  Zergling x2  
  55  3:54  Zergling x2  
  56  3:56  Drone x2  
  56  3:59  Queen  
  56  4:01  Overlord  
  60  4:04  Zergling x2, Overlord  
  60  4:07  Queen  
  62  4:16  Queen  
  62  4:18  Zergling x2, Baneling Nest  
  62  4:19  Zergling x4  
  62  4:22  Zergling x4  
  68  4:36  Queen  
  68  4:38  Zergling x10  
  72  4:43  Queen  
  72  4:52  Queen  
  68  4:59  Drone x8  
  74  5:01  Drone  
  74  5:10  Drone  
  74  5:11  Drone x2  
  77  5:14  Lair  
  77  5:16  Spore Crawler  
  77  5:17  Extractor  
  75  5:22  Drone x2  
  75  5:25  Drone  
  78  5:32  Drone x3  
  81  5:37  Drone  
  81  5:38  Overlord x2  
  82  5:50  Overlord  
  82  5:51  Extractor  
  82  5:52  Drone x3, Hatchery, Evolution Chamber  
  82  5:55  Evolution Chamber  
  82  5:56  Drone x4  
  85  5:59  Drone  
  85  6:00  Drone  
  85  6:01  Drone  
  85  6:03  Drone x3  
  91  6:06  Extractor  
  91  6:10  Drone x2  
  92  6:13  Centrifugal Hooks  
  92  6:14  Drone, Evolution Chamber  
  93  6:18  Zerg Melee Weapons Level 1  
  93  6:21  Drone x2, Extractor  
  93  6:23  Zerg Ground Armor Level 1  
  93  6:24  Drone  
  95  6:27  Drone  
  95  6:28  Drone x2  
  95  6:31  Overlord  
  98  6:32  Hydralisk Den  
  98  6:33  Drone  
  98  6:34  Drone x2  
  98  6:35  Drone x2  
  98  6:36  Drone  
  103  6:40  Overlord  
  103  6:43  Overlord  
  103  6:45  Overlord  
  103  6:48  Baneling x7  
  103  6:49  Baneling  
  103  6:51  Drone x2  
  104  6:55  Drone  
  105  7:03  Drone x8  
  105  7:05  Queen  
  105  7:07  Zergling x4  
  117  7:12  Spore Crawler  
  116  7:16  Zergling x12  
  116  7:19  Zergling x2  
  123  7:24  Zergling x2  
  123  7:25  Zergling x2  
  123  7:27  Muscular Augments  
  123  7:28  Zergling x8  
  123  7:29  Overlord  
  129  7:33  Zergling x4  
  129  7:34  Zergling x4  
  131  7:39  Zergling x4  
  125  7:47  Zergling x10  
  125  7:49  Zergling x2  
  130  7:52  Baneling x2  
  130  7:53  Zergling x2  
  130  7:57  Overlord  
  130  7:58  Zergling x8  
  134  8:01  Hatchery, Overlord  
  134  8:04  Zergling x2  
  134  8:06  Overseer  
  134  8:10  Baneling x4  
  134  8:16  Hydralisk x2, Drone x3, Extractor  
  134  8:18  Baneling x2  
  134  8:19  Baneling x3  
  140  8:20  Zerg Melee Weapons Level 2, Zerg Ground Armor Level 2  
  140  8:23  Hydralisk x3  
  145  8:28  Hydralisk x3  
  150  8:36  Overlord x5  
  150  8:38  Grooved Spines  
  149  8:42  Hydralisk  
  151  8:54  Drone x3  
  151  8:55  Drone x2  
  154  8:56  Hydralisk x3  
  154  8:57  Zergling x18, Extractor  
  154  8:59  Baneling x5  
  154  9:00  Baneling x4, Overseer  
  168  9:04  Drone  
  168  9:05  Zergling x4  
  171  9:10  Zergling x2  
  171  9:11  Zergling x8  
  176  9:18  Drone  
  176  9:20  Zergling x6, Infestation Pit, Extractor  
  176  9:23  Drone x3  
  181  9:24  Zergling x6  
  181  9:26  Baneling x6  
  181  9:28  Pneumatized Carapace  
  181  9:29  Zergling x2  
  181  9:30  Zergling x2  
  186  9:32  Baneling x10  
  183  9:40  Zergling x2  
  183  9:41  Zergling x20  
  183  9:44  Zergling x4  
  187  9:50  Overlord  
  187  9:51  Zergling x16  
  194  9:55  Zergling x4  
  193  10:02  Hive  
  188  10:07  Lurker Den  
  188  10:10  Zergling x22  
  192  10:20  Drone x11  
  195  10:24  Spore Crawler  
  195  10:26  Zergling x10  
  199  10:33  Zergling x2  
  199  10:34  Zergling x8  
  199  10:35  Baneling x7  
  200  10:42  Baneling x4  
  200  10:43  Baneling x7  
  197  10:51  Zergling x6  
  195  11:00  Baneling x8  
  172  11:12  Zergling x36  
  172  11:15  Seismic Spines  
  172  11:17  Adrenal Glands  
  172  11:18  Viper  
  185  11:25  Viper  
  188  11:30  Zerg Ground Armor Level 3, Zerg Missile Weapons Level 1  
  188  11:32  Extractor  
  190  11:33  Drone x3  
  190  11:36  Zergling x12  
  198  11:40  Baneling x2  
  198  11:41  Baneling x2  
  198  11:43  Burrow  
  198  11:45  Hatchery  
  197  11:51  Extractor  
  197  11:52  Drone x2  
  197  11:53  Drone  
  199  11:57  Baneling  
  199  11:58  Baneling x9  
  199  12:02  Overlord  
  199  12:13  Adaptive Talons  
  199  12:16  Baneling x2  
  199  12:17  Baneling  
  199  12:19  Baneling  
  199  12:20  Baneling x6  
  199  12:39  Pathogen Glands  
  199  12:40  Zergling x4  
  165  12:59  Zergling x52  
  165  13:01  Viper  
  165  13:02  Spore Crawler  
  165  13:05  Zergling x26  
  195  13:09  Infestor  
  195  13:10  Baneling  
  195  13:11  Baneling x7  
  195  13:12  Baneling x9  
  197  13:14  Zergling x2, Hydralisk  
  199  13:27  Zergling x38  
  181  13:28  Baneling  
  181  13:29  Baneling x8  
  181  13:33  Zergling x10  
  192  13:35  Neural Parasite  
  192  13:39  Zergling x6  
  190  13:41  Overseer  
  190  13:44  Overseer  
  190  13:46  Zergling x16  
  198  13:55  Drone x6  
  192  14:00  Hydralisk x4  
  199  14:10  Infestor  
  199  14:11  Baneling x15  
  199  14:17  Overseer x2  
  199  14:20  Spore Crawler  
  199  14:21  Spore Crawler  
  199  14:22  Drone x2  
  199  14:24  Drone  
  199  14:26  Baneling x2  
  199  14:27  Baneling x3  
  200  14:35  Hatchery  
  191  14:44  Zergling x26  
  177  14:52  Drone  
  177  14:53  Drone x4  
Tags
 
Add a new tag
Caveats
  • Supply blocks, unpowered buildings, or Contaminate may cause inaccurate times.
  • Supply counts are checked every 10 seconds.